 Dungeon Crawl Stone Soup version 0.19-a0-944-gb338e1e (webtiles) character file.

210 sugabear the Twirler (level 5, -2/27 HPs)
             Began as a Vine Stalker Gladiator on July 8, 2016.
             Was an Initiate of the Shining One.
             Slain by Buffagor's ghost (10 damage)
             ... on level 4 of the Dungeon.
             The game lasted 00:02:59 (2689 turns).

sugabear the Twirler (Vine Stalker Gladiator)       Turns: 2689, Time: 00:02:59

Health: -2/27      AC:  6    Str: 19    XL:     5   Next: 88%
Magic:  0/6        EV: 13    Int:  8    God:    the Shining One [......]
Gold:   181        SH:  0    Dex: 14    Spells: 0 memorised, 4 levels left

rFire  . . .     SeeInvis .     a - +0 quarterstaff
rCold  . . .     Gourm    .     e - +0 ring mail
rNeg   . . .     Faith    .     (shield currently unavailable)
rPois  .         Spirit   +     c - +0 helmet
rElec  .         Dismiss  .     (no cloak)
rCorr  .         Reflect  .     (no gloves)
SustAt .         Harm     .     (no boots)
MR     .....                    (no amulet)
Stlth  +.........               (no ring)
                                (no ring)

@: glowing, not resistant to hostile enchantments, very unstealthy
A: fangs 2, regeneration 1, magic shield, antimagic bite, no device heal 3, rot
immunity
a: Renounce Religion


You were on level 4 of the Dungeon.
You worshipped the Shining One.
The Shining One was noncommittal.
You were not hungry.

You visited 2 branches of the dungeon, and saw 5 of its levels.

You collected 181 gold pieces.

Inventory:

Hand Weapons
 a - a +0 quarterstaff (weapon)
Missiles
 d - 3 throwing nets (quivered)
Armour
 c - a +0 helmet (worn)
 e - a +0 ring mail (worn)
 z - an ice dragon hide
Jewellery
 u - an uncursed ring of protection from magic {unknown}
Wands
 A - a wand of slowing (33/48)
Scrolls
 g - a scroll of enchant weapon {unknown}
 i - 4 scrolls of remove curse {unknown}
 k - 2 scrolls of enchant armour {unknown}
 l - 4 scrolls of identify {unknown}
 m - a scroll of blinking {unknown}
 p - a scroll of fog {unknown}
 t - a scroll of teleportation {unknown}
 v - a scroll of immolation {unknown}
 y - a scroll of magic mapping {unknown}
Potions
 b - 2 potions of might {unknown}
 j - 3 potions of curing {unknown}
 n - a potion of agility {unknown}
 q - 2 potions of haste {unknown}
 s - a potion of flight {unknown}
 w - 2 potions of lignification {unknown}
 x - a potion of degeneration {unknown}
 B - 2 potions of magic {unknown}
 D - a potion of heal wounds {unknown}
Books
 r - a book of Changes

   Spells                             Type                      Level
   a - Beastly Appendage              Transmutation                1
   b - Sticks to Snakes               Transmutation                2
   c - Spider Form                    Transmutation/Poison         3
   d - Ice Form                       Ice/Transmutation            4
   e - Blade Hands                    Transmutation                5
Comestibles
 f - 2 bread rations
 h - 3 meat rations
 o - 2 fruits
 C - 2 chunks of flesh


   Skills:
 + Level 2.4 Fighting
 + Level 3.9 Staves
 + Level 2.0 Throwing
 + Level 1.2 Armour
 + Level 3.8 Dodging
 + Level 0.3 Stealth


You had 4 spell levels left.
You didn't know any spells.

Dungeon Overview and Level Annotations

Branches:
Dungeon (4/15)             Temple (1/1) D:4

Altars:
Ashenzari
Cheibriados
Dithmenos
Elyvilon
Fedhas
Hepliaklqana
Pakellas
Ru
Sif Muna
Trog
Vehumet
Yredelemnul
The Shining One

Annotations:
D:4 Buffagor's ghost, amateur DsFi


Innate Abilities, Weirdness & Mutations

You have extremely sharp teeth.
Your natural rate of healing is unusually fast.
When hurt, damage is shared between your health and your magic reserves.
Your bite disrupts and absorbs the magic of your enemies.
Potions and wands cannot restore your health.
You are immune to rotting.


Message History

Buffagor's ghost is heavily damaged.
Buffagor's ghost hits you!
You hit Buffagor's ghost.
Buffagor's ghost is severely damaged.
Buffagor's ghost misses you.
You sock Buffagor's ghost!
You bite Buffagor's ghost, but do no damage.
Buffagor's ghost is almost destroyed.
Buffagor's ghost hits you!
* * * LOW HITPOINT WARNING * * *
You are too injured to fight recklessly!
You are too injured to fight recklessly!
Unknown command.
Your ring mail prevents you from hitting Buffagor's ghost.
Buffagor's ghost is almost destroyed.
Buffagor's ghost hits you but does no damage.
You hit Buffagor's ghost. Your bite misses Buffagor's ghost.
Buffagor's ghost is almost destroyed.
Buffagor's ghost hits you!
You die...

......#####.## #.##.##.## #....##
#.# #.##....# ####.# #.#
#.#####.# #.# ##+## #.# #.# #.
##.## ##...## #.#####.# #.
###...###.....## #.......# ##
#.#...##.......####.....#.#
................##.>......#######
................@................
...........[<..W##.......########
#.#...##.......####.....##
#.#...###.....## ##...## #.#####
##...## ##.## #.# ##'## #.# #.#
#. #.# #.# # #.# #.# #.#


You could see Buffagor's ghost.

Vanquished Creatures
  A hound (D:4)
  2 orc priests (D:3)
  An orc wizard (D:4)
  3 adders
  2 worms
  A dart slug (D:2)
  A giant gecko (D:3)
  7 orcs
  8 bats
  4 giant cockroaches
  2 goblins
  4 hobgoblins
  4 jackals
  8 kobolds
  2 giant newts
  A rat (D:3)
  A spectral orc (D:2)
52 creatures vanquished.

Notes
Turn   | Place    | Note
-------+----------+-------------------------------------------
     0 | D:1      | sugabear the Vine Stalker Gladiator began the quest for the Orb.
     0 | D:1      | Reached XP level 1. HP: 11/11 MP: 2/2
   267 | D:1      | Reached XP level 2. HP: 15/15 MP: 3/3
   541 | D:2      | Found a basalt altar of Yredelemnul.
   695 | D:2      | Reached XP level 3. HP: 18/18 MP: 4/4
  1367 | D:3      | Reached XP level 4. HP: 9/23 MP: 1/5
  1653 | D:3      | Reached XP level 5. HP: 26/26 MP: 6/6
  2042 | D:3      | Reached skill level 1 in Armour
  2205 | D:4      | Found a staircase to the Ecumenical Temple.
  2274 | Temple   | Entered the Ecumenical Temple
  2325 | Temple   | Became a worshipper of the Shining One
  2677 | D:4      | Noticed Buffagor's ghost (amateur DsFi)
  2689 | D:4      | Slain by Buffagor's ghost

Vault maps used:
D:1:      ncdulo_halloftheorcs
D:2:      yredelemnul_forgotten_temple_becter, kennysheep_boxes
D:3:      first_bread
D:4:      zin_purify, nicolae_gozag_cash_rules_everything_around_me,
          amethyst_overflow_temple_binary
Temple:   nicolae_temple_x_marks_the_god

Skill      XL: |  1  2  3  4  5 |
---------------+----------------+-----
Staves         | 3 |  3.9
Dodging        | 3 |  3.8
Throwing       | 2 |  2.0
Fighting       | 2 |  2.4
Armour         | 1 |  1.2
Stealth        | |  0.3

Action                   |  1- 3 |  4- 6 || total
-------------------------+-------+-------++-------
Melee: Quarterstaff      |    62 |    75 ||   137
       Bite              |    15 |    25 ||    40
  Eat: Chunk             |     1 |     5 ||     6
Armor: Ring mail         |    25 |    33 ||    58
       Leather armour    |     2 |       ||     2
Dodge: Dodged            |    40 |    78 ||   118
